AoeStats
← Lord_Wilfredo

Arabia

507199563Analyzed
1v1 RM · 15d ago on Sep 17, 2026· 56m 4s· 2 players
Game mode
Random Map
Map size
Tiny (2 player)
Population
200
Speed
Normal
Resources
Standard
Victory
Conquest
Starting age
Dark Age
Ending age
Imperial Age
RankedLock teamsTeams togetherTeam positionsShared explorationLock speedFull tech treeHidden civsTurbo modeCheats
Victory
Defeat
🇦🇷 Burgundians · Argentina
1267
+16
🇲🇽 Bulgarians · Mexico
1269
-16
Lord_Wilfredo
8:02 Loom
10:19 Feudal Age
14:27 Town Watch
23:12 Castle Age
21:35 Fletching
21:41 Double-Bit Axe
23:15 Crossbowman
23:19 Cavalier
24:17 Forging
24:37 Horse Collar
27:24 Scale Barding Armor
28:00 Light Cavalry
28:42 Husbandry
29:10 Gold Mining
29:33 Bow Saw
32:13 Iron Casting
34:59 Wheelbarrow
36:54 Two-Man Saw
37:07 Chain Barding Armor
47:24 Imperial Age
45:02 Heavy Plow
45:59 Squires
45:45 Arson
46:57 Gold Shaft Mining
46:44 Scale Mail Armor
47:36 Paladin
50:05 Blast Furnace
51:02 Conscription
50:51 Burgundian Vineyards
51:51 Stone Mining
53:44 Chemistry
53:15 Chain Mail Armor
53:36 Plate Barding Armor
53:01 Capped Ram
54:50 Plate Mail Armor
56:07 Plate Barding Armor
Elpinchecharly
5:51 Loom
6:25 Loom
9:15 Feudal Age
9:45 Town Watch
9:58 Double-Bit Axe
18:01 Bloodlines
22:10 Castle Age
22:33 Forging
23:02 Husbandry
23:38 Iron Casting
23:57 Scale Barding Armor
24:12 Light Cavalry
25:14 Chain Barding Armor
31:46 Bow Saw
31:53 Gold Mining
32:10 Horse Collar
35:04 Wheelbarrow
40:50 Fletching
44:28 Imperial Age
45:51 Conscription
45:01 Cavalier
46:48 Blast Furnace
50:09 Plate Barding Armor
50:26 Masonry
50:22 Siege Engineers
52:49 Ballistics
53:29 Chemistry
53:23 Stirrups
54:16 Bodkin Arrow
54:55 Architecture
54:27 Heavy Plow
55:03 Gold Shaft Mining
54:19 Stone Mining
Connection lost

Rejoining the realm…

Still unreachable

The connection could not be restored.

Session expired

The server has moved on; the page needs a fresh start.